Map: Deathaura LE

Players

Shmantalope

  • Race: Terran Terran
  • League: Diamond
  • Spawn Location: 11:00

A.I. 1 (Very Easy) - Winner!

  • Race: Protoss Protoss
  • Spawn Location: 5:00

VOD

Have the link to the VOD?

Description

Pure 1-1 timing to deny third while taking third with MMM. No harass, etc.

Time

  • Played on: July 21, 2020, 7:04 p.m.
  • Length: 7:17
Show
View Real Time Build Order
Export as new Build Order

Shmantalope Terran 

Build Orders:  

Get SALT Encoding   

  12  0:00  SCV  
  13  0:13  SCV  
  14  0:17  Supply Depot  
  14  0:25  SCV  
  15  0:39  SCV  
  15  0:40  Barracks  
  16  0:50  Refinery  
  16  0:51  SCV  
  17  0:57  Supply Depot  
  17  1:03  SCV  
  18  1:15  SCV  
  19  1:27  Orbital Command  
  19  1:28  Marine  
  20  1:45  Marine  
  21  1:50  Command Center  
  21  1:54  SCV  
  22  2:09  Barracks Reactor  
  22  2:13  SCV  
  22  2:15  Bunker  
  23  2:22  Barracks  
  23  2:23  Barracks  
  23  2:26  SCV  
  24  2:39  Engineering Bay  
  24  2:42  Engineering Bay  
  24  2:44  SCV  
  24  2:49  Marine  
  24  2:51  Marine  
  27  2:56  SCV  
  28  3:04  Orbital Command  
  28  3:11  Barracks Tech Lab x2  
  28  3:13  SCV  
  29  3:20  Refinery  
  29  3:23  Marine x2  
  31  3:27  Terran Infantry Weapons Level 1  
  31  3:30  Terran Infantry Armor Level 1  
  31  3:33  SCV  
  32  3:35  SCV  
  32  3:37  Marine  
  34  3:44  Marine x3  
  34  3:47  SCV  
  38  3:51  Supply Depot  
  38  3:53  SCV  
  39  3:55  Marine  
  39  4:01  SCV  
  39  4:02  Marine x3  
  44  4:10  SCV  
  44  4:13  Stimpack  
  44  4:14  Marine, Supply Depot  
  46  4:20  Factory, SCV  
  47  4:27  Refinery  
  47  4:28  SCV  
  47  4:29  Marine  
  47  4:31  Marine  
  49  4:32  Marine  
  49  4:35  Marine  
  49  4:36  SCV  
  49  4:37  Supply Depot  
  53  4:40  SCV  
  54  4:48  SCV  
  54  4:49  Marine x2  
  54  4:50  Marine  
  54  4:52  Marine, SCV  
  60  5:01  SCV  
  60  5:04  Starport, SCV  
  60  5:06  Refinery  
  62  5:07  Marine  
  62  5:08  Combat Shield  
  62  5:13  SCV  
  64  5:16  Armory, SCV  
  64  5:21  Marine  
  66  5:22  Marauder  
  66  5:24  Marine  
  66  5:25  SCV  
  70  5:33  Supply Depot  
  70  5:40  Marine x2, SCV x2  
  70  5:42  Medivac  
  78  5:50  Marauder  
  78  5:52  Concussive Shells  
  78  5:54  SCV x2  
  78  5:55  Supply Depot x2, Marauder  
  82  5:59  Marine  
  82  6:00  Marine  
  84  6:06  SCV x2  
  86  6:16  Marauder x2  
  90  6:19  SCV  
  90  6:21  Supply Depot  
  90  6:22  Marine x2  
  90  6:25  Medivac  
  95  6:29  SCV  
  95  6:31  SCV  
  97  6:39  Marauder x2  
  101  6:40  Marine  
  101  6:43  Marine, SCV x2  
  101  6:45  Supply Depot  
  101  6:46  Supply Depot  
  105  6:55  SCV x2  
  109  7:07  Supply Depot  
  109  7:08  Supply Depot  
Show
View Real Time Build Order
Export as new Build Order

A.I. 1 (Very Easy) Protoss - Winner!

Build Orders:  

Get SALT Encoding   

  12  0:00  Probe  
  13  0:13  Probe  
  14  0:20  Pylon  
  14  0:37  Assimilator  
  14  0:42  Gateway  
  14  0:46  Pylon  
  14  1:13  Assimilator  
  14  1:17  Probe  
  14  1:25  Probe  
  16  1:33  Probe  
  16  1:34  Cybernetics Core  
  17  1:43  Probe  
  18  1:55  Probe  
  18  2:00  Warp Gate  
  19  2:03  Probe  
  20  2:10  Stalker  
  22  5:26  Zealot  
  22  5:27  Probe  
  25  5:29  Pylon  
  25  5:31  Robotics Facility  
  25  5:36  Probe  
  26  5:44  Probe  
  27  5:54  Probe  
  28  6:02  Pylon  
  26  6:06  Probe  
  27  6:15  Probe  
  27  6:17  Zealot  
  27  6:18  Observer  
  31  6:39  Observer  
  32  7:00  Nexus  
  32  7:07  Stalker  
Tags
 
League
Diamond
Matchup
PvT
Spawn Locations
Cross Positions
Add a new tag
Caveats
  • Supply blocks, unpowered buildings, or Contaminate may cause inaccurate times.
  • Supply counts are checked every 10 seconds.